 Dungeon Crawl Stone Soup version 0.26.0-10-g1f06aea511 (webtiles) character file.

Game seed: 6281700310022328094

1179 Borgoz the Slasher (level 8, 0/67 HPs)
             Began as a Ghoul Gladiator on Jan 15, 2021.
             Was an Initiate of Ashenzari.
             Slain by an ogre
             ... wielding a +0 giant club
              (4 damage)
             ... on level 5 of the Dungeon.
             The game lasted 00:11:18 (7293 turns).

Borgoz the Slasher (Ghoul Gladiator)                Turns: 7293, Time: 00:11:19

Health: 0/67       AC:  4    Str: 18    XL:     8   Next: 42%
Magic:  7/7        EV: 13    Int:  3    God:    Ashenzari [......]
Gold:   261        SH:  0    Dex: 12    Spells: 7/7 levels left

rFire    . . .     SeeInvis .   a - +3 long sword
rCold    + . .     Faith    .   (no shield)
rNeg     + + +     Spirit   .   b - +0 leather armour
rPois    ∞         Reflect  .   c - +0 helmet
rElec    .         Harm     .   (no cloak)
rCorr    .         Rampage  .   (no gloves)
Will     +....                  (no boots)
Stlth    +.........             (no amulet)
HPRegen  0.00/turn              t - ring of willpower
MPRegen  0.10/turn              (no ring)

@: marked
A: claws 1, cold resistance 1, negative energy resistance 3, inhibited
regeneration, torment resistance, unbreathing
a: Renounce Religion, Curse Item


You were on level 5 of the Dungeon.
You worshipped Ashenzari.
Ashenzari was noncommittal.
You visited 2 branches of the dungeon, and saw 6 of its levels.
You also visited: Sewer.

You collected 261 gold pieces.

Inventory:

Hand Weapons
 a - a +3 long sword (weapon)
Armour
 b - a +0 leather armour (worn)
 c - a +0 helmet (worn)
 p - a +0 ring mail
Jewellery
 t - a ring of willpower (left claw)
Wands
 l - a wand of disintegration (9)
 q - a wand of digging (4)
Scrolls
 d - a scroll of enchant weapon
 f - a scroll of fear
 g - 3 scrolls of magic mapping
 i - 4 scrolls of remove curse
 k - 9 scrolls of teleportation
 n - 2 scrolls of fog
Potions
 e - 3 potions of curing
 h - 2 potions of magic {unknown}
 j - 2 potions of brilliance {unknown}
 m - 2 potions of haste
 o - 4 potions of might
 r - a potion of attraction {unknown}
 s - 2 potions of cancellation {unknown}
 u - a potion of degeneration {unknown}
 v - a potion of resistance {unknown}


   Skills:
 + Level 4.7 Fighting
 * Level 5.8 Long Blades
 - Level 1.7 Throwing
 * Level 5.0 Armour
 + Level 4.5 Dodging


You had 7 spell levels left.
You didn't know any spells.
Your spell library was empty.

Dungeon Overview and Level Annotations

Branches:
Dungeon (5/15)             Temple (1/1) D:4           Sewer (visited)

Altars:
Ashenzari
Cheibriados
Dithmenos
Elyvilon
Fedhas
Gozag
Hepliaklqana
Kikubaaqudgha
Makhleb
Nemelex Xobeh
Okawaru
Ru
Sif Muna
Uskayaw
Vehumet
Zin
The Shining One


Innate Abilities, Weirdness & Mutations

You thrive by killing the living.
You are immune to poison.
You have sharp fingernails.
Your flesh is cold resistant. (rC+)
You are immune to negative energy. (rN+++)
You do not regenerate when monsters are visible.
You are immune to unholy pain and torment.
You can survive without breathing.


Message History

The ogre is moderately wounded.
The ogre hits you with a +0 giant club!
You hit the ogre.
The ogre is moderately wounded.
The ogre closely misses you.
The shadow imp disappears for a moment.
Evoke which item? (* to show all) (? for menu, Esc to quit)
Okay, then.
Okay, then.
You barely miss the ogre.
The ogre is moderately wounded.
The ogre hits you with a +0 giant club!!
* * * LOW HITPOINT WARNING * * *
Okay, then.
You slash the ogre!
The ogre is severely wounded.
You barely miss the ogre.
The ogre is severely wounded.
The ogre hits you with a +0 giant club.
You die...

########
########......######
##....@O55..........#
###.)######............
##...## ##.#.........
### ##..###
#..#.........
..#####..##
#.##.........
........## #.
#......... ..........#
#. ..........
...........#
#.#.#..>.....
..............
..#..........


You could see an ogre, a shadow imp and an ufetubus.

Vanquished Creatures
  2 ogres (D:5)
  A phantom (D:4)
  2 bullfrogs (Sewer)
  An orc priest (D:5)
  5 orc wizards (D:5)
  2 hounds
  Ijyb (D:3)
  Natasha (thrice) (D:3)
  An iguana (D:2)
  3 worker ants
  A hound skeleton (D:4)
  A hound zombie (D:5)
  3 gnolls (D:2)
  A howler monkey skeleton (D:4)
  15 adders
  5 river rats (Sewer)
  4 oozes
  An adder zombie (D:5)
  A worm (D:3)
  3 dart slugs
  3 leopard geckos
  10 orcs
  3 giant cockroaches
  9 goblins
  6 hobgoblins
  3 jackals
  4 kobolds
  2 quokkas
  8 ball pythons (Sewer)
  5 bats
  3 frilled lizards
  A leopard gecko skeleton (D:4)
  27 rats
140 creatures vanquished.

Vanquished Creatures (others)
  A worm (D:2)
1 creature vanquished.

Grand Total: 141 creatures vanquished

Notes
Turn   | Place    | Note
-------+----------+-------------------------------------------
     0 | D:1      | Borgoz the Ghoul Gladiator began the quest for the Orb.
     0 | D:1      | Reached XP level 1. HP: 17/17 MP: 0/0
   277 | D:1      | Reached XP level 2. HP: 23/24 MP: 1/1
   649 | D:1      | Reached skill level 1 in Armour
   871 | D:2      | Reached XP level 3. HP: 28/30 MP: 2/2
  1252 | D:2      | Reached XP level 4. HP: 28/37 MP: 3/3
  1327 | D:2      | Found a glowing golden altar of the Shining One.
  2104 | D:2      | Reached XP level 5. HP: 18/44 MP: 4/4
  2298 | D:2      | Found a blossoming altar of Fedhas.
  2702 | D:3      | Found a glowing drain.
  2784 | Sewer    | Entered a sewer
  3293 | Sewer    | Reached XP level 6. HP: 37/51 MP: 5/5
  4353 | D:3      | Noticed Ijyb
  4384 | D:3      | Killed Ijyb
  4385 | D:3      | Reached XP level 7. HP: 43/58 MP: 6/6
  4553 | D:3      | Found a burning altar of Makhleb.
  4765 | D:3      | Noticed Natasha
  4775 | D:3      | Killed Natasha
  4783 | D:3      | Noticed Natasha
  4819 | D:3      | Killed Natasha
  4905 | D:3      | Noticed Natasha
  4914 | D:3      | Killed Natasha
  5162 | D:4      | Found a staircase to the Ecumenical Temple.
  5169 | D:4      | Found a shadowy altar of Dithmenos.
  5172 | Temple   | Entered the Ecumenical Temple
  5295 | D:4      | Reached skill level 5 in Long Blades
  5884 | D:4      | Found a snail-covered altar of Cheibriados.
  6029 | D:4      | Found a glowing silver altar of Zin.
  6270 | D:5      | Entered Level 5 of the Dungeon
  6678 | D:5      | Reached XP level 8. HP: 65/66 MP: 7/7
  7013 | D:5      | Found an opulent altar of Gozag.
  7014 | D:5      | Found a broken altar of Ashenzari.
  7016 | D:5      | Found a sparkling altar of Nemelex Xobeh.
  7036 | D:5      | Became a worshipper of Ashenzari the Shackled
  7152 | D:5      | Reached skill level 5 in Armour
  7293 | D:5      | Slain by an ogre

Illustrated notes

Levels and vault maps discovered:
D:1:      eino_arrival_druids_welcome, layout_basic
D:2:      layout_rooms, nicolae_tso_carved_into_rock, marbit_many_paths,
          minivault_14
D:3:      layout_loops_ring, cheibrodos_sewer_entry_drain, nrook_loot_triangle,
          makhleb_heckhound_becter, uniq_natasha, uniq_ijyb
D:4:      layout_cave_pods, overflow_temple_1_default, kennysheep_slug_shrine,
          zin_statuary, temple_fountains
D:5:      layout_rooms, chequers_temple_overflow_statue_of_worship
Temple:   dpeg_three_leaves_temple

Skill      XL: |  1  2  3  4  5  6  7  8 |
---------------+-------------------------+-----
Long Blades    | 3 4 5 |  5.8
Armour         | 1 2 3 4 5 |  5.0
Dodging        | 3 4 |  4.5
Fighting       | 3 4 |  4.7
Throwing       | |  1.7

Action                   |  1- 3 |  4- 6 |  7- 9 || total
-------------------------+-------+-------+-------++-------
Melee: Long sword        |    65 |   264 |   203 ||   532
Throw: Throwing net      |     1 |     3 |     1 ||     5
  Use: Scroll            |     1 |     7 |     5 ||    13
       Potion            |       |     2 |     5 ||     7
 Stab: Held in net/web   |     1 |     1 |       ||     2
Armor: Leather armour    |    21 |    89 |    40 ||   150
Dodge: Dodged            |    43 |   261 |   165 ||   469
       Rpst.: Long sword |    10 |    91 |    45 ||   146
